AoeStats
← Blazing Cartesia, The Virtuous

Arabia

508478620Analyzed
1v1 RM · 10d ago on Sep 22, 2026· 38m 17s· 2 players
Game mode
Random Map
Map size
Tiny (2 player)
Population
200
Speed
Normal
Resources
Standard
Victory
Conquest
Starting age
Dark Age
Ending age
Imperial Age
RankedLock teamsTeams togetherTeam positionsShared explorationLock speedFull tech treeHidden civsTurbo modeCheats
Victory
Defeat
1193
+17
🇬🇧 Varangians · United Kingdom
1207
-17
Blazing Cartesia, The Virtuous
6:02 Loom
9:18 Feudal Age
10:23 Double-Bit Axe
14:18 Horse Collar
22:46 Castle Age
21:34 Gold Mining
22:40 Bloodlines
23:34 Bow Saw
24:25 Heavy Plow
25:09 Husbandry
25:52 Gold Shaft Mining
25:37 Scale Barding Armor
26:54 Forging
30:00 Iron Casting
30:38 Stone Mining
31:30 Wheelbarrow
31:41 Chain Barding Armor
34:29 Hand Cart
35:43 Town Watch
38:52 Imperial Age
37:23 Stone Shaft Mining
37:38 Masonry
37:49 Ballistics
38:42 Herbal Medicine
Laurie
12:38 Loom
14:43 Feudal Age
19:28 Castle Age
18:13 Double-Bit Axe
19:08 Scale Barding Armor
19:13 Forging
21:54 Bloodlines
28:02 Scale Mail Armor
30:08 Chain Mail Armor
31:07 Horse Collar
33:06 Wheelbarrow
33:19 Iron Casting
33:13 Fletching
33:49 Pikeman
34:30 Squires
36:04 Husbandry
37:40 Hand Cart
Connection lost

Rejoining the realm…

Still unreachable

The connection could not be restored.

Session expired

The server has moved on; the page needs a fresh start.